 Dungeon Crawl Stone Soup version 0.24-a0-282-g1a68c91 (webtiles) character file.

Game seed: 5230283710058294705

3847 theanonym the Tainter (level 10, -7/73 HPs)
             Began as an Octopode Venom Mage on May 3, 2019.
             Was a Believer of Vehumet.
             Mangled by a three-headed hydra (13 damage)
             ... on level 8 of the Dungeon.
             The game lasted 00:34:02 (11241 turns).

theanonym the Tainter (Octopode Venom Mage)        Turns: 11241, Time: 00:34:03

Health: -7/73      AC:  1    Str:  7    XL:     10   Next: 18%
Magic:  2/21       EV: 15    Int: 22    God:    Vehumet [**....]
Gold:   438        SH:  0    Dex: 12    Spells: 14/24 levels left

rFire    . . .     SeeInvis .   (no weapon)
rCold    . . .     Gourm    .   (no shield)
rNeg     . . .     Faith    .   (helmet restricted)
rPois    .         Spirit   .   (no amulet)
rElec    .         Reflect  .   j - ring of flight
rCorr    .         Harm     .   (no ring)
MR       .....                  (no ring)
Stlth    +++++.....             (no ring)
HPRegen  0.22/turn              (no ring)
MPRegen  0.17/turn              (no ring)
                                (no ring)
                                (no ring)

@: no status effects
A: almost no armour, stealthy swim, amphibious, 8 rings, constrict 8, camouflage
1, gelatinous body 1
a: Renounce Religion, Evoke Flight


Innate Abilities, Weirdness & Mutations

You cannot wear most types of armour.
You are very stealthy in the water. (Stealth+)
You are amphibious.
You can wear up to eight rings at the same time.
You can use your tentacles to constrict eight enemies at once.
Your skin changes colour to match your surroundings (Stealth+).
Your rubbery body absorbs attacks. (AC +1, EV +1)


   Skills:
 + Level 8.6 Fighting
 + Level 5.0 Dodging
 - Level 5.0 Stealth
 + Level 7.6 Spellcasting
 + Level 5.0 Conjurations
 - Level 3.1 Air Magic
 - Level 10.8 Poison Magic


You had 14 spell levels left.
You knew the following spells:

 Your Spells              Type           Power        Failure   Level  Hunger
a - Sting                 Conj/Pois      ####         1%          1    None
b - Poisonous Vapours     Pois/Air       #####.       1%          2    None
d - Mephitic Cloud        Conj/Pois/Air  #####...     1%          3    None
p - Olgreb's Toxic Radia  Pois           ######..     1%          4    ###....

Your spell library contained the following spells:

 Spells                   Type           Power        Failure   Level  Hunger
 Searing Ray              Conj           ####..       1%          2    None
 Venom Bolt               Conj/Pois      #####.....   9%          5    #####..

Skill      XL: |  1  2  3  4  5  6  7  8  9 10 |
---------------+-------------------------------+-----
Poison Magic   | 4 5 6 10 | 10.8
Conjurations   | 2 3 4 5 |  5.0
Air Magic      | 1 2 3 |  3.1
Fighting       | 7 8 |  8.6
Spellcasting   | 7 |  7.6
Stealth        | 3 5 |  5.0
Dodging        | 4 5 |  5.0

Action                   |  1- 3 |  4- 6 |  7- 9 | 10-12 || total
-------------------------+-------+-------+-------+-------++-------
Melee: Unarmed           |    13 |    97 |   266 |     8 ||   384
       Constrict         |     4 |    16 |    43 |       ||    63
       Tentacles         |     1 |    20 |    41 |     1 ||    63
 Cast: Sting             |    44 |     7 |    18 |       ||    69
       Poisonous Vapours |    11 |    34 |    68 |     1 ||   114
       Mephitic Cloud    |       |     2 |     5 |       ||     7
       Olgreb's Toxic Ra |       |       |    22 |     1 ||    23
Evoke: Wand              |       |       |    16 |       ||    16
  Use: Scroll            |       |    11 |    11 |     1 ||    23
       Potion            |       |       |     5 |       ||     5
 Stab: Sleeping          |       |     1 |     7 |       ||     8
       Confused          |       |       |     1 |       ||     1
  Eat: Chunk             |     4 |     6 |    12 |       ||    22
       Ration            |       |     2 |    10 |       ||    12
Armor: Skin              |     3 |     3 |    18 |     1 ||    25
Dodge: Dodged            |     6 |    48 |   220 |    14 ||   288

Inventory:

Jewellery
 j - a ring of flight (left tentacle)
Scrolls
 g - a scroll of amnesia
 h - a scroll of enchant weapon
 n - 2 scrolls of remove curse
 o - 2 scrolls of enchant armour
 r - 2 scrolls of identify
Potions
 a - 3 potions of resistance
 b - a potion of brilliance
 c - a potion of cancellation
 f - a potion of ambrosia
 w - 2 potions of curing
Comestibles
 e - 3 rations
 i - 2 chunks of flesh


You were on level 8 of the Dungeon.
You worshipped Vehumet.
Vehumet was pleased with you.
You were hungry.

You visited 2 branches of the dungeon, and saw 9 of its levels.

You collected 438 gold pieces.

Dungeon Overview and Level Annotations

Branches:
Dungeon (8/15)             Temple (1/1) D:6
   Lair: D:8-11

Altars:
Ashenzari
Cheibriados
Dithmenos
Elyvilon
Fedhas
Gozag
Hepliaklqana
Kikubaaqudgha
Makhleb
Nemelex Xobeh
Okawaru
Qazlal
Ru
Sif Muna
Trog
Uskayaw
Vehumet
Wu Jian
Xom
Yredelemnul
Zin
The Shining One

Shops:
D:4 (

Annotations:
D:4 exclusion: phantom
D:7 exclusion: ice statue
D:8 exclusion: hungry ghost

...########...####.# *,,,,*,**,,,
##.# #...# *,#**,,,,,,***** ...#
#...# *,,,,,****** ##.# #...#
*****,,* ##.# #...########*##***
...#******#...##...%.#.%#,,*
####*,.....#.#.#≈....'.%#*,******
# *,,,..##.#.#.#lF(P%'..#*,**,,,,
*,,,,.........@K.%.'..#,,,,,***
*,,,,.#..)...#hD...#..#*,****
*,,,,,#..###.#≈.P≈P##'#*,*
*,,,,....**#.#P≈)≈≈#,,*,,*
***,,,.>.>,,###PP≈P.+,,****
*,,,,,#*,**,**#######****
*,*,,,**,**,**,**,**,**,*
**,******,,,,,,,**,**,**,*
*,,,,,,,**,,,,,***,,,,,,,*


You could see a three-headed hydra, a black bear, a big kobold, a bullfrog and a
leopard gecko.

Notes
Turn   | Place    | Note
-------+----------+-------------------------------------------
     0 | D:1      | theanonym the Octopode Venom Mage began the quest for the
                  | Orb.
     0 | D:1      | Reached XP level 1. HP: 11/11 MP: 3/3
   149 | D:1      | Reached XP level 2. HP: 17/17 MP: 3/5
   163 | D:1      | Reached skill level 4 in Poison Magic
   611 | D:1      | Reached skill level 2 in Conjurations
   700 | D:1      | Reached XP level 3. HP: 21/21 MP: 4/6
   752 | D:1      | Learned a level 3 spell: Mephitic Cloud
   755 | D:1      | Learned a level 2 spell: Poisonous Vapours
  1755 | D:3      | Reached XP level 4. HP: 27/27 MP: 5/7
  1759 | D:3      | Reached skill level 1 in Air Magic
  2202 | D:3      | HP: 10/27 [ooze (4)]
  2773 | D:3      | Reached skill level 5 in Poison Magic
  2825 | D:3      | Reached skill level 3 in Conjurations
  2825 | D:3      | Reached XP level 5. HP: 31/31 MP: 2/8
  2920 | D:3      | Reached skill level 2 in Air Magic
  3798 | D:4      | HP: 5/31 [orc priest/divine providence (14)]
  4388 | D:4      | Found Kocefuc's Antique Weapon Shoppe.
  4396 | D:4      | Reached XP level 6. HP: 36/36 MP: 0/9
  4497 | D:4      | HP: 17/36 [worker ant zombie (4)]
  4595 | D:4      | You fall through a shaft for 2 floors!
  4687 | D:6      | Found a staircase to the Ecumenical Temple.
  4696 | Temple   | Entered the Ecumenical Temple
  4840 | Temple   | Became a worshipper of Vehumet
  4889 | D:5      | Entered Level 5 of the Dungeon
  4932 | D:4      | HP: 14/36 [ogre/+0 giant club (22)]
  4934 | D:4      | Reached skill level 4 in Conjurations
  4934 | D:4      | Reached skill level 3 in Air Magic
  4934 | D:4      | Reached skill level 6 in Poison Magic
  5211 | D:4      | Reached XP level 7. HP: 37/41 MP: 10/10
  5336 | D:4      | Found a glowing golden altar of the Shining One.
  5399 | D:4      | Learned a level 4 spell: Olgreb's Toxic Radiance
  6173 | D:5      | Reached skill level 7 in Fighting
  6173 | D:5      | Reached skill level 7 in Spellcasting
  6173 | D:5      | Reached skill level 10 in Poison Magic
  6173 | D:5      | Reached XP level 8. HP: 60/60 MP: 10/18
  6186 | D:5      | You fall through a shaft for 3 floors!
  6205 | D:8      | HP: 29/60 [hungry ghost (5)]
  6219 | D:8      | HP: 26/60 [black bear (4)]
  6235 | D:8      | HP: 18/60 [something (2)]
  6243 | D:8      | HP: 12/60 [something (2)]
  6260 | D:7      | Found a blossoming altar of Fedhas.
  6263 | D:7      | HP: 9/60 [something (1)]
  6263 | D:7      | HP: 4/60 [something (5)]
  6272 | D:6      | HP: 12/60 [scorpion (7)]
  7067 | D:5      | Reached * piety under Vehumet
  7067 | D:5      | Offered knowledge of Sandblast by Vehumet.
  7231 | D:5      | Found an ancient bone altar of Kikubaaqudgha.
  8083 | D:6      | Reached skill level 3 in Stealth
  8370 | D:6      | HP: 29/60 [black bear (6)]
  8372 | D:6      | Reached XP level 9. HP: 26/64 MP: 1/19
  8638 | D:7      | Reached skill level 3 in Dodging
  8743 | D:7      | Reached skill level 4 in Stealth
  8829 | D:7      | HP: 22/65 [black bear (12)]
  8835 | D:7      | Offered knowledge of Searing Ray by Vehumet.
  8840 | D:7      | Reached ** piety under Vehumet
  8848 | D:7      | HP: 14/66 [orc/+0 dagger (1)]
  9149 | D:7      | HP: 27/66 [killer bee (9)]
  9154 | D:7      | Reached skill level 5 in Stealth
  9154 | D:7      | HP: 13/66 [poisoned by a killer bee]
  9159 | D:7      | HP: 12/66 [poisoned by a killer bee]
  9167 | D:6      | HP: 12/66 [poisoned by a killer bee]
  9593 | D:7      | Noticed an ice statue
  9869 | D:8      | Found a shattered altar of Ashenzari.
  9872 | D:8      | HP: 28/66 [killer bee (9)]
  9873 | D:8      | Reached skill level 8 in Fighting
  9874 | D:8      | Reached skill level 4 in Dodging
  9878 | D:7      | HP: 25/66 [poisoned by a killer bee]
  9885 | D:7      | HP: 23/66 [poisoned by a killer bee]
  9892 | D:7      | HP: 23/66 [poisoned by a killer bee]
  9900 | D:7      | HP: 22/66 [poisoned by a killer bee]
 10074 | D:7      | HP: 33/66 [ice beast (13)]
 10079 | D:7      | HP: 32/66 [ice beast (2)]
 10126 | D:6      | HP: 29/66 [ice beast (4)]
 10187 | D:6      | HP: 27/66 [ice beast (5)]
 10605 | D:8      | Found a hazy altar of Hepliaklqana.
 10607 | D:8      | Found a sacrificial altar of Ru.
 10608 | D:8      | Found a snail-covered altar of Cheibriados.
 10609 | D:8      | Found a sparkling altar of Nemelex Xobeh.
 10667 | D:8      | HP: 33/66 [hungry ghost (2)]
 10672 | D:8      | HP: 30/66 [hungry ghost (1)]
 10677 | D:8      | HP: 18/66 [hungry ghost (4)]
 10686 | D:8      | HP: 14/66 [hungry ghost (3)]
 10694 | D:8      | HP: 15/66 [hungry ghost (1)]
 10699 | D:8      | HP: 11/66 [hungry ghost (2)]
 10704 | D:8      | HP: 8/66 [hungry ghost (4)]
 11230 | D:8      | Reached XP level 10. HP: 61/73 MP: 2/21
 11232 | D:8      | Noticed a three-headed hydra
 11235 | D:8      | Reached skill level 5 in Dodging
 11235 | D:8      | Reached skill level 5 in Conjurations
 11240 | D:8      | HP: 36/73 [three-headed hydra (9)]
 11241 | D:8      | HP: 15/73 [bullfrog[the player character] (3)]
 11241 | D:8      | HP: 6/73 [three-headed hydra (9)]
 11241 | D:8      | Mangled by a three-headed hydra

Vanquished Creatures
  2 dream sheep (D:8)
  2 yaks (D:8)
  A hungry ghost (D:8)
  3 black bears
  An orc warrior (D:7)
  A phantom (D:8)
  A sky beast (D:6)
  3 ogres
  2 big kobolds (D:8)
  3 bullfrogs
  2 scorpions
  10 killer bees
  A howler monkey (D:7)
  2 crimson imps
  2 hounds
  A jelly (D:7)
  2 bullfrog zombies
  5 orc priests
  2 bullfrog skeletons
  5 orc wizards
  A worker ant (D:4)
  A hound skeleton (D:5)
  2 howler monkey zombies
  A worker ant zombie (D:4)
  A howler monkey skeleton (D:4)
  8 adders
  A shadow imp (D:6)
  3 oozes (D:3)
  2 worms
  3 dart slugs
  5 leopard geckos
  33 orcs
  A ball python (D:3)
  5 bat zombies (D:5)
  2 giant cockroaches
  9 goblins
  5 hobgoblins
  8 jackals
  4 kobolds
  2 quokkas
  7 bats
  4 frilled lizards
  A leopard gecko skeleton (D:5)
  2 quokka skeletons (D:4)
  8 rats
  A rat zombie (D:5)
171 creatures vanquished.

Vanquished Creatures (others)
  An orc wizard (D:6)
1 creature vanquished.

Grand Total: 172 creatures vanquished

Table legend:
 A = Turns spent in this place as a percentage of turns spent in the entire game.
 B = Non-inter-level travel turns spent in this place as a percentage of non-inter-level travel turns spent in the entire game.
 C = Inter-level travel turns spent in this place as a percentage of turns spent in this place.
 D = Turns resting spent in this place as a percentage of non-inter-level travel turns spent in this place.
 E = Turns spent auto-exploring this place as a percentage of non-inter-level travel turns spent in this place.
 F = Non-inter-level travel turns spent in this place divided by the number of levels of this place that you've seen.
                   A       B       C       D       E      F
               +-------+-------+-------+-------+-------+----------------------
         Total | 100.0 | 100.0 |   3.9 |  39.9 |  46.5 | 1200.3
       Dungeon |  98.5 |  99.2 |   3.2 |  40.2 |  46.1 | 1339.6
        Temple |   1.5 |   0.8 |  49.4 |   0.0 |  96.5 |  86.0
               +-------+-------+-------+-------+-------+----------------------
